PAAA
NAPERVILLE BATTLEKINGS @ CALGARY LYNX
09/14/2023
 
TOP OF THE 1ST
Naperville Battlekings batting - Pitching for Calgary Lynx : RHP Anthony Hanover
Pitching: RHP Anthony Hanover
Batting: RHB Jorge Reyes 0-0: Ball
1-0: SINGLE (Groundball, 6MD)
Batting: LHB Alfonso Martínez 0-0: Ball
1-0: Fielders Choice at 2nd, 6-4 (Groundball, 6M)
Batting: LHB Cristo Ramírez 0-0: Ball
1-0: Ball
2-0: Foul Ball, location: 2F
2-1: SINGLE (Flyball, 7S)
Alfonso Martínez to second
Batting: RHB Álex Rodríguez 0-0: Ball
1-0: SINGLE (Groundball, 56D)
Alfonso Martínez to third
Cristo Ramírez to second
Runner from 3rd tries for Home, SAFE, no throw or cutoff
Batting: RHB Joe Ferneyhough 0-0: Ball
1-0: Ball
Cristo Ramírez steals 3rd base
Álex Rodríguez to second
2-0: Foul Ball, location: 2F
2-1: Foul Ball, location: 2F
2-2: Ground out 5-3 (Groundball, 56)
Cristo Ramírez scores
Batting: RHB Earnest Veeck 0-0: Foul Ball, location: 2F
0-1: Called Strike
0-2: Ball
1-2: Foul Ball, location: 2F
1-2: Ball
2-2: Ball
3-2: Foul Ball, location: 2F
3-2: DOUBLE (Line Drive, 9LS)
Álex Rodríguez scores
Pitching: RHP Millard Kessler
Batting: RHB Alfredo López 0-0: Fly out, F7 (Flyball, 7LSF)
Top of the 1st over - 3 run(s), 4 hit(s), 0 error(s), 1 left on base; Naperville 3 - Calgary 0
BOTTOM OF THE 1ST
Calgary Lynx batting - Pitching for Naperville Battlekings : RHP Plinio Pedrulho
Pitching: RHP Plinio Pedrulho
Batting: RHB Ray Porch 0-0: Ball
1-0: Ball
2-0: Called Strike
2-1: Foul Ball, location: 2F
2-2: Foul Ball, location: 2F
2-2: Foul Ball, location: 2F
2-2: SINGLE (Groundball, 6MD)
Batting: LHB Juan Valdéz 0-0: Ball
1-0: Swinging Strike
1-1: Ball
2-1: Swinging Strike
2-2: Ball
3-2: Foul Ball, location: 2F
3-2: Foul Ball, location: 2F
3-2: Base on Balls
Ray Porch to second
Batting: RHB Jesús Martínez 0-0: Fly out, F8 (Line Drive, 8RD)
Runner from 2nd tags up, SAFE at 3rd with throw
Batting: RHB Jian-zhang Phan 0-0: Ball
1-0: Ball
2-0: SINGLE (Groundball, 56)
Ray Porch scores
Juan Valdéz to second
Batting: RHB David Ramírez 0-0: Called Strike
0-1: Fly out, F3 (Popup, 3DF)
Batting: SHB Dave Orchard 0-0: Foul Ball, location: 2F
0-1: Ball
1-1: Foul Ball, location: 2F
1-2: Ball
2-2: Strikes out swinging
Bottom of the 1st over - 1 run(s), 2 hit(s), 0 error(s), 2 left on base; Naperville 3 - Calgary 1
TOP OF THE 2ND
Naperville Battlekings batting - Pitching for Calgary Lynx : RHP Millard Kessler
Batting: RHB Sal Haynes 0-0: Foul Ball, location: 2F
0-1: Called Strike
0-2: Foul Ball, location: 2F
0-2: SINGLE (Groundball, 6D)
Batting: SHB Val Brown 0-0: Fly out, F5 (Line Drive, 56)
Batting: RHB Jorge Reyes 0-0: Called Strike
0-1: Foul Ball, location: 2F
0-2: Ball
1-2: Ball
2-2: Ball
3-2: Fly out, F9 (Flyball, 9M)
Batting: LHB Alfonso Martínez 0-0: Ball
1-0: Foul Ball, location: 2F
1-1: Called Strike
1-2: Ball
2-2: Strikes out looking
Top of the 2nd over - 0 run(s), 1 hit(s), 0 error(s), 1 left on base; Naperville 3 - Calgary 1
BOTTOM OF THE 2ND
Calgary Lynx batting - Pitching for Naperville Battlekings : RHP Plinio Pedrulho
Batting: LHB Thomas Campbell 0-0: Ball
1-0: Ball
2-0: Foul Ball, location: 2F
2-1: Ball
3-1: Base on Balls
Batting: RHB Harris Harden 0-0: Foul Ball, location: 2F
0-1: Ball
1-1: Ball
Wild Pitch!
Thomas Campbell to second
2-1: Foul Ball, location: 2F
2-2: Fly out, F9 (Flyball, 9S)
Batting: SHB Todd Schenkel 0-0: Ball
1-0: Called Strike
1-1: Called Strike
1-2: DOUBLE (Line Drive, 8RXD)
Thomas Campbell scores
Batting: RHB Ray Porch 0-0: Ball
1-0: Foul Ball, location: 2F
1-1: Foul Ball, location: 2F
1-2: Ball
2-2: Ball
3-2: SINGLE (Line Drive, 8LS)
Todd Schenkel to third
Runner from 3rd tries for Home, SAFE, no throw or cutoff
Batting: LHB Juan Valdéz 0-0: Called Strike
0-1: Swinging Strike
0-2: Strikes out looking
Batting: RHB Jesús Martínez 0-0: Fielders Choice at 2nd, 5-4 (Groundball, 5)
Bottom of the 2nd over - 2 run(s), 2 hit(s), 0 error(s), 0 left on base; Naperville 3 - Calgary 3
TOP OF THE 3RD
Naperville Battlekings batting - Pitching for Calgary Lynx : RHP Millard Kessler
Batting: LHB Cristo Ramírez 0-0: Ball
1-0: Ball
2-0: Called Strike
2-1: Fly out, F4 (Popup, 4D)
Batting: RHB Álex Rodríguez 0-0: Ball
1-0: Fly out, F9 (Flyball, 89XD)
Batting: RHB Joe Ferneyhough 0-0: Called Strike
0-1: Ball
1-1: Swinging Strike
1-2: Ground out 5-3 (Groundball, 5)
Top of the 3rd over - 0 run(s), 0 hit(s), 0 error(s), 0 left on base; Naperville 3 - Calgary 3
BOTTOM OF THE 3RD
Calgary Lynx batting - Pitching for Naperville Battlekings : RHP Plinio Pedrulho
Batting: RHB Jian-zhang Phan 0-0: Called Strike
0-1: Called Strike
0-2: Ball
1-2: Foul Ball, location: 2F
1-2: Ball
2-2: Foul Ball, location: 2F
2-2: Strikes out looking
Batting: RHB David Ramírez 0-0: Ball
1-0: Ball
2-0: Ball
3-0: Called Strike
3-1: Base on Balls
Batting: SHB Dave Orchard 0-0: Ball
1-0: Foul Ball, location: 2F
1-1: Ball
2-1: Ball
3-1: Base on Balls
David Ramírez to second
Batting: LHB Thomas Campbell 0-0: Ball
1-0: Ball
2-0: Called Strike
2-1: Called Strike
2-2: Foul Ball, location: 2F
2-2: SINGLE (Line Drive, 34D)
David Ramírez to third
Dave Orchard to second
Batting: RHB Harris Harden 0-0: Foul Ball, location: 2F
0-1: Foul Ball, location: 2F
0-2: Ground out 5-3 (Groundball, 56S)
David Ramírez scores
Dave Orchard to third
Thomas Campbell to second
Batting: SHB Todd Schenkel 0-0: Ball
1-0: Foul Ball, location: 2F
1-1: Called Strike
1-2: Ball
2-2: Ball
3-2: Foul Ball, location: 2F
3-2: Base on Balls
Batting: RHB Ray Porch 0-0: Fly out, F8 (Flyball, 8RM)
Bottom of the 3rd over - 1 run(s), 1 hit(s), 0 error(s), 3 left on base; Naperville 3 - Calgary 4
TOP OF THE 4TH
Naperville Battlekings batting - Pitching for Calgary Lynx : RHP Millard Kessler
Batting: RHB Earnest Veeck 0-0: Swinging Strike
0-1: Swinging Strike
0-2: Ball
1-2: SINGLE (Line Drive, 8LS)
Batting: RHB Alfredo López 0-0: Ball
1-0: Grounds into double play, 5-4-3 (Groundball, 5L)
Batting: RHB Sal Haynes 0-0: Ball
1-0: SINGLE (Groundball, 34S)
Batting: SHB Val Brown 0-0: Ball
1-0: Foul Ball, location: 2F
1-1: SINGLE (Flyball, 8LM)
Sal Haynes to second
Batting: RHB Jorge Reyes 0-0: Called Strike
0-1: Ball
1-1: Called Strike
1-2: Foul Ball, location: 2F
1-2: Ball
2-2: SINGLE (Groundball, 34D)
Sal Haynes to third
Val Brown to second
Runner from 3rd tries for Home, SAFE, no throw or cutoff
Batting: LHB Alfonso Martínez 0-0: Foul Ball, location: 2F
0-1: SINGLE (Line Drive, 4M)
Val Brown to third
Jorge Reyes to second
Runner from 3rd tries for Home, SAFE, no throw or cutoff
Batting: LHB Cristo Ramírez 0-0: Called Strike
0-1: Foul Ball, location: 2F
0-2: Foul Ball, location: 2F
0-2: Ball
1-2: 3-RUN HOME RUN (Flyball, 9D), Distance : 353 ft
Pitching: LHP Alonso García
Batting: RHB Álex Rodríguez 0-0: Called Strike
0-1: Swinging Strike
0-2: Ball
1-2: Fly out, F8 (Flyball, 89D)
Top of the 4th over - 5 run(s), 6 hit(s), 0 error(s), 0 left on base; Naperville 8 - Calgary 4
BOTTOM OF THE 4TH
Calgary Lynx batting - Pitching for Naperville Battlekings : RHP Plinio Pedrulho
Batting: LHB Juan Valdéz 0-0: Ball
1-0: Foul Ball, location: 2F
1-1: Foul Ball, location: 2F
1-2: DOUBLE (Groundball, 5L)
Batting: RHB Jesús Martínez 0-0: Ball
1-0: Ball
2-0: Ground out 4-3 (Groundball, 4)
Juan Valdéz to third
Batting: RHB Jian-zhang Phan 0-0: SINGLE (Groundball, 56D)
Juan Valdéz scores
Batting: RHB David Ramírez 0-0: Ball
1-0: Ball
2-0: Ball
3-0: Called Strike
3-1: Base on Balls
Jian-zhang Phan to second
Batting: SHB Dave Orchard 0-0: Ball
1-0: Swinging Strike
1-1: Fly out, F8 (Flyball, 8LS)
Batting: LHB Thomas Campbell 0-0: Called Strike
0-1: Foul Ball, location: 2F
0-2: Ball
1-2: Foul Ball, location: 2F
1-2: SINGLE (Groundball, 3D)
Jian-zhang Phan to third
David Ramírez to second
Runner from 3rd tries for Home, SAFE, throw made home
David Ramírez to third
Thomas Campbell to second
Pitching: LHP Dusty Muhidini
Batting: RHB Harris Harden 0-0: Called Strike
0-1: Ball
1-1: Fly out, F9 (Flyball, 9M)
Bottom of the 4th over - 2 run(s), 3 hit(s), 0 error(s), 2 left on base; Naperville 8 - Calgary 6
TOP OF THE 5TH
Naperville Battlekings batting - Pitching for Calgary Lynx : LHP Alonso García
Batting: RHB Joe Ferneyhough 0-0: Ball
1-0: Ball
2-0: Swinging Strike
2-1: Foul Ball, location: 2F
2-2: Strikes out swinging
Batting: RHB Earnest Veeck 0-0: Foul Ball, location: 2F
0-1: Ball
1-1: Ball
2-1: Foul Ball, location: 2F
2-2: Ball
3-2: Foul Ball, location: 2F
3-2: Base on Balls
Batting: RHB Alfredo López 0-0: Called Strike
0-1: Foul Ball, location: 2F
0-2: Strikes out looking
Batting: RHB Sal Haynes 0-0: Foul Ball, location: 2F
0-1: Ball
1-1: Fielders Choice at 2nd, 5-4 (Groundball, 56)
Top of the 5th over - 0 run(s), 0 hit(s), 0 error(s), 0 left on base; Naperville 8 - Calgary 6
BOTTOM OF THE 5TH
Calgary Lynx batting - Pitching for Naperville Battlekings : LHP Dusty Muhidini
Batting: SHB Todd Schenkel 0-0: Ball
1-0: Foul Ball, location: 2F
1-1: Swinging Strike
1-2: Ball
2-2: Foul Ball, location: 2F
2-2: Foul Ball, location: 2F
2-2: Ball
3-2: Strikes out swinging
Batting: RHB Ray Porch 0-0: Called Strike
0-1: SINGLE (Line Drive, 3D)
Batting: LHB Juan Valdéz 0-0: 2-RUN HOME RUN (Flyball, 9LD), Distance : 331 ft
Batting: RHB Jesús Martínez 0-0: Ball
1-0: Swinging Strike
1-1: Ball
2-1: Foul Ball, location: 2F
2-2: SINGLE (Line Drive, 4M)
Batting: RHB Jian-zhang Phan 0-0: DOUBLE (Groundball, 5L)
Jesús Martínez to third
Batting: RHB David Ramírez 0-0: Ball
1-0: Fly out, F8 (Popup, 4MD)
Batting: SHB Dave Orchard 0-0: Ball
1-0: Swinging Strike
1-1: Ball
2-1: Called Strike
2-2: Ball
3-2: Foul Ball, location: 2F
3-2: Base on Balls
Batting: LHB Thomas Campbell 0-0: Fielders Choice at 2nd, U4 (Groundball, 4M)
Bottom of the 5th over - 2 run(s), 4 hit(s), 0 error(s), 3 left on base; Naperville 8 - Calgary 8
TOP OF THE 6TH
Naperville Battlekings batting - Pitching for Calgary Lynx : LHP Alonso García
Batting: SHB Val Brown 0-0: Ball
1-0: SINGLE (Groundball, 6MD)
Batting: RHB Jorge Reyes 0-0: Bunted foul
0-1: Bunted foul
0-2: Ball
1-2: Foul Ball, location: 2F
1-2: Fly out, F9 (Flyball, 9M)
Batting: LHB Alfonso Martínez 0-0: Ball
1-0: Ball
2-0: Ball
3-0: Called Strike
3-1: Fly out, F3 (Popup, 3SF)
Batting: LHB Cristo Ramírez 0-0: Called Strike
0-1: Foul Ball, location: 2F
0-2: Ball
1-2: Ball
2-2: Ball
3-2: SINGLE (Groundball, 34S)
Val Brown to second
Val Brown to third
Batting: RHB Álex Rodríguez 0-0: Swinging Strike
0-1: Called Strike
0-2: Foul Ball, location: 2F
0-2: Ball
1-2: Ball
2-2: DOUBLE (Flyball, 9LD)
Val Brown scores
Cristo Ramírez to third
Batting: RHB Joe Ferneyhough 0-0: Called Strike
0-1: Swinging Strike
0-2: Ball
1-2: SINGLE (Groundball, 56D)
Cristo Ramírez scores
Álex Rodríguez to third
Runner from 3rd tries for Home, SAFE, throw made home
Joe Ferneyhough to second
Pitching: LHP Will Savage
Batting: RHB Earnest Veeck 0-0: Swinging Strike
0-1: Ball
1-1: Foul Ball, location: 2F
1-2: Fly out, F8 (Flyball, 8RS)
Top of the 6th over - 3 run(s), 4 hit(s), 0 error(s), 1 left on base; Naperville 11 - Calgary 8
BOTTOM OF THE 6TH
Calgary Lynx batting - Pitching for Naperville Battlekings : LHP Dusty Muhidini
Batting: RHB Harris Harden 0-0: Called Strike
0-1: Called Strike
0-2: TRIPLE (Line Drive, 3L)
Batting: SHB Todd Schenkel 0-0: Ground out 4-3 (Groundball, 4)
Harris Harden scores
Pitching: LHP Russ Wood
Batting: RHB Ray Porch 0-0: Foul Ball, location: 2F
0-1: Reached on error, E5 (Groundball, 56S)
Batting: LHB Juan Valdéz 0-0: Ball
1-0: Swinging Strike
1-1: Foul Ball, location: 2F
1-2: Ball
2-2: Strikes out looking
Batting: RHB Jesús Martínez 0-0: Ground out 1-3 (Groundball, 3S)
Bottom of the 6th over - 1 run(s), 1 hit(s), 1 error(s), 1 left on base; Naperville 11 - Calgary 9
TOP OF THE 7TH
Naperville Battlekings batting - Pitching for Calgary Lynx : LHP Will Savage
Batting: RHB Alfredo López 0-0: Ground out 6-3 (Groundball, 56)
Batting: RHB Sal Haynes 0-0: Ball
1-0: Ground out 5-3 (Groundball, 56S)
Batting: SHB Val Brown 0-0: Called Strike
0-1: Ground out 5-3 (Groundball, 5)
Top of the 7th over - 0 run(s), 0 hit(s), 0 error(s), 0 left on base; Naperville 11 - Calgary 9
BOTTOM OF THE 7TH
Calgary Lynx batting - Pitching for Naperville Battlekings : LHP Russ Wood
Batting: RHB Jian-zhang Phan 0-0: Ground out 1-3 (Groundball, 25)
Batting: RHB David Ramírez 0-0: Ball
1-0: Ball
2-0: Ball
3-0: Called Strike
3-1: Foul Ball, location: 2F
3-2: Base on Balls
Batting: SHB Dave Orchard 0-0: Ball
1-0: Called Strike
1-1: Foul Ball, location: 2F
1-2: Ball
2-2: Ball
3-2: Foul Ball, location: 2F
3-2: DOUBLE (Line Drive, 7LM)
David Ramírez to third
Batting: LHB Thomas Campbell 0-0: Ball
1-0: Ball
2-0: Called Strike
2-1: Called Strike
2-2: Strikes out swinging
Pinch Hitting: RHB José Carlos Ramos 0-0: Called Strike
0-1: Ball
1-1: Ground out 6-3 (Groundball, 6M)
Bottom of the 7th over - 0 run(s), 1 hit(s), 0 error(s), 2 left on base; Naperville 11 - Calgary 9
TOP OF THE 8TH
Naperville Battlekings batting - Pitching for Calgary Lynx : LHP Will Savage
Now at SS: Jim Browning
Batting: RHB Jorge Reyes 0-0: Ball
1-0: Ground out 5-3 (Groundball, 5S)
Batting: LHB Alfonso Martínez 0-0: Swinging Strike
0-1: Fly out, F8 (Line Drive, 8LD)
Batting: LHB Cristo Ramírez 0-0: Ball
1-0: Foul Ball, location: 2F
1-1: Ball
2-1: Ball
3-1: Foul Ball, location: 2F
3-2: Foul Ball, location: 2F
3-2: Strikes out swinging
Top of the 8th over - 0 run(s), 0 hit(s), 0 error(s), 0 left on base; Naperville 11 - Calgary 9
BOTTOM OF THE 8TH
Calgary Lynx batting - Pitching for Naperville Battlekings : LHP Russ Wood
Batting: SHB Todd Schenkel 0-0: Ball
1-0: Ball
2-0: Called Strike
2-1: DOUBLE (Line Drive, 8LD)
Pitching: LHP Motoyuki Nakamura
Batting: RHB Ray Porch 0-0: Ball
1-0: Ball
2-0: Ball
3-0: Called Strike
3-1: Base on Balls
Batting: LHB Juan Valdéz 0-0: Sac Bunt - play at first, batter OUT! 5-4
Todd Schenkel to third
Ray Porch to second
Batting: RHB Jesús Martínez 0-0: Ground out 1-3 (Groundball, 15)
Batting: RHB Jian-zhang Phan 0-0: Fly out, F8 (Line Drive, 8RM)
Bottom of the 8th over - 0 run(s), 1 hit(s), 0 error(s), 2 left on base; Naperville 11 - Calgary 9
TOP OF THE 9TH
Naperville Battlekings batting - Pitching for Calgary Lynx : LHP Will Savage
Pitching: LHP Jim Unknown
Batting: RHB Álex Rodríguez 0-0: Ball
1-0: Ground out 6-3 (Groundball, 6)
Batting: RHB Joe Ferneyhough 0-0: Called Strike
0-1: Swinging Strike
0-2: Foul Ball, location: 2F
0-2: Ball
1-2: Foul Ball, location: 2F
1-2: Ball
2-2: Foul Ball, location: 2F
2-2: Strikes out swinging
Batting: RHB Earnest Veeck 0-0: Ball
1-0: Called Strike
1-1: Ball
2-1: Ball
3-1: Ground out 4-3 (Groundball, 4)
Top of the 9th over - 0 run(s), 0 hit(s), 0 error(s), 0 left on base; Naperville 11 - Calgary 9
BOTTOM OF THE 9TH
Calgary Lynx batting - Pitching for Naperville Battlekings : LHP Motoyuki Nakamura
Pitching: RHP Esteban Arroyo
Batting: RHB David Ramírez 0-0: Ball
1-0: Called Strike
1-1: Ball
2-1: Foul Ball, location: 2F
2-2: Ball
3-2: Foul Ball, location: 2F
3-2: Base on Balls
Pinch Hitting: LHB Rufo Flores 0-0: Foul Ball, location: 2F
0-1: Ball
1-1: Ball
2-1: Ball
3-1: Fly out, F8 (Flyball, 8LM)
Batting: LHB Thomas Campbell 0-0: Ball
1-0: DOUBLE (Flyball, 78M)
David Ramírez to third
Pinch Hitting: RHB Darren Tomlinson 0-0: Ball
1-0: Called Strike
1-1: Swinging Strike
1-2: Ball
2-2: Foul Ball, location: 2F
2-2: SINGLE (Line Drive, 78M)
David Ramírez scores
Thomas Campbell to third
Runner from 3rd tries for Home, SAFE, throw made home
Darren Tomlinson to second
Batting: SHB Todd Schenkel 0-0: Ball
1-0: Called Strike
Darren Tomlinson is caught stealing 3rd base
1-1: Swinging Strike
1-2: Foul Ball, location: 2F
1-2: Strikes out looking
Bottom of the 9th over - 2 run(s), 2 hit(s), 0 error(s), 0 left on base; Naperville 11 - Calgary 11
TOP OF THE 10TH
Naperville Battlekings batting - Pitching for Calgary Lynx : LHP Jim Unknown
Now in LF: Rufo Flores
Now in CF: Darren Tomlinson
Batting: RHB Alfredo López 0-0: Ball
1-0: Ball
2-0: Called Strike
2-1: Foul Ball, location: 2F
2-2: Ground out 5-3 (Groundball, 56S)
Batting: RHB Sal Haynes 0-0: Swinging Strike
0-1: Called Strike
0-2: Fly out, F8 (Flyball, 8RD)
Batting: SHB Val Brown 0-0: Ball
1-0: Foul Ball, location: 2F
1-1: Ball
2-1: Ball
3-1: Foul Ball, location: 2F
3-2: Strikes out looking
Top of the 10th over - 0 run(s), 0 hit(s), 0 error(s), 0 left on base; Naperville 11 - Calgary 11
BOTTOM OF THE 10TH
Calgary Lynx batting - Pitching for Naperville Battlekings : RHP Esteban Arroyo
Batting: RHB Ray Porch 0-0: Ball
1-0: Called Strike
1-1: Foul Ball, location: 2F
1-2: Fly out, F9 (Line Drive, 89M)
Batting: LHB Juan Valdéz 0-0: SINGLE (Groundball, 34D)
Batting: RHB Jesús Martínez 0-0: Foul Ball, location: 2F
0-1: Ball
1-1: SINGLE (Groundball, 56D)
Juan Valdéz to second
Batting: RHB Jian-zhang Phan 0-0: Called Strike
0-1: SINGLE (Line Drive, 8LS)
Juan Valdéz to third
Jesús Martínez to second
Runner from 3rd tries for Home, SAFE, throw made home
This league is powered by Out of the Park Baseball, the baseball management simulation game for PC, Mac and Linux
Friday, July 8th, 2016 - OOTP Baseball 16.9 Build 39